 Dungeon Crawl Stone Soup version 0.29-a0-732-g3d7fbe0af2 (webtiles) character file.

Game seed: 572887157427378087

1729 buhh the Changer (level 9, -3/76 HPs)
             Began as an Octopode Transmuter on June 29, 2022.
             Slain by a four-headed hydra (6 damage)
             ... on level 6 of the Dungeon.
             The game lasted 00:20:27 (10225 turns).

buhh the Changer (Octopode Transmuter)             Turns: 10225, Time: 00:20:28

Health: -3/76      AC:  7    Str: 14    XL:     9   Next: 5%
Magic:  6/10       EV: 10    Int: 18    God:
Gold:   137        SH:  0    Dex: 17    Spells: 2/12 levels left

rFire   x . .      SeeInvis .     - Unarmed
rCold   + + +      Faith    .   (shield currently unavailable)
rNeg    . . .      Spirit   .   (helmet currently unavailable)
rPois   +          Reflect  .   (no amulet)
rElec   .          Harm     .   e - +6 ring of strength
rCorr   .          Rampage  .   j - ring of wizardry
Will    .....                   (no ring)
Stlth   ++........              (no ring)
HPRegen 0.22/turn               (no ring)
MPRegen 0.12/turn               (no ring)
                                (no ring)
                                (no ring)

@: ice-form
A: freezing attack, boosted hp, almost no armour, amphibious, 8 rings, large,
(camouflage 1), (gelatinous body 1), (nimble swimmer 1), (tentacles), agile 1,
low MP 1
a: End Transformation


You were on level 6 of the Dungeon.
You were a creature of crystalline ice.
You visited 1 branch of the dungeon, and saw 6 of its levels.
You also visited: Sewer.

You collected 137 gold pieces.

Inventory:

Missiles
 k - 12 poisoned darts
Magical Staves
 q - a staff of fire
Jewellery
 a - an amulet of magic regeneration
 e - a +6 ring of strength (left front paw)
 j - a ring of wizardry (right front paw)
Wands
 f - a wand of flame (20)
Scrolls
 c - 3 scrolls of enchant weapon
 d - 5 scrolls of vulnerability
 g - 5 scrolls of identify {!d}
 R - a scroll of torment
Potions
 i - 2 potions of attraction
 K - a potion of brilliance {!q!d}
 O - a potion of haste {!q!d}
 U - a potion of mutation {!d}


   Skills:
 - Level 7.0 Fighting
 - Level 2.0 Dodging
 - Level 1.0 Stealth
 - Level 3.0 Unarmed Combat
 - Level 2.0 Spellcasting
 * Level 7.9 Transmutations
 - Level 4.0 Ice Magic
 - Level 1.0 Poison Magic


You had 2 spell levels left.
You knew the following spells:

 Your Spells              Type           Power      Damage    Failure   Level
a - Beastly Appendage     Tmut           60%        N/A       1%          1
b - Wereblood             Tmut           30%        N/A       1%          2
c - Spider Form           Tmut/Pois      17%        N/A       3%          3
d - Ice Form              Ice/Tmut       23%        N/A       6%          4

Your spell library contained the following spells:

 Spells                   Type           Power      Damage    Failure   Level
 Irradiate                Conj/Tmut      8%         3d16      36%         5
 Eringya's Noxious Bog    Tmut/Pois      8%         N/A       85%         6


Dungeon Overview and Level Annotations

Branches:
Dungeon (6/15) Zot: 25511   Sewer (visited)
 Temple: D:4-7

Altars:

Shops:
D:2 *   D:3 :

Annotations:
D:1 exclusion: gnoll
D:6 Sigmund


Innate Abilities, Weirdness & Mutations

You are a creature of crystalline ice.
You have a powerful freezing melee attack.
Your maximum health is increased.
Your armour is entirely melded.
You are incapable of wielding weapons or throwing items.
You cannot wear most types of armour.
You are amphibious.
You can wear up to eight rings at the same time.
((Your skin changes colour to match your surroundings (Stealth+).))
((Your rubbery body absorbs attacks. (AC +1, EV +1)))
((You are camouflaged when in or above water. (Stealth+)))
((You have tentacles for arms and can constrict up to eight enemies at once.))
You are agile. (Dex +4, Str/Int -1)
Your magical capacity is low. (-10% MP)


Message History

You kill the orc!
No target in view!
Things that are here:
a +0 hand axe; a +0 ring mail
Things that are here:
a +0 mace; a +0 ring mail
Things that are here:
a +0 hand axe; a +0 ring mail
Things that are here:
a +0 hand axe; a +0 ring mail
Things that are here:
a +0 whip; an orc corpse Sigmund and a gnoll come into view.
Marking area around Sigmund as unsafe for travelling.
There is an open door here.
There is an open door here.
You see here a +0 club.
Things that are here:
a +0 mace; an orc corpse As you open the door, it creaks loudly!
The four-headed hydra roars!
You close the door.
You open the door.
A four-headed hydra is nearby!
You turn into a creature of crystalline ice.
The four-headed hydra bites you! x2; The four-headed hydra bites you.
The four-headed hydra bites you!
You pummel the four-headed hydra!! You freeze the four-headed hydra!
The four-headed hydra is moderately wounded.
The four-headed hydra bites you!
The four-headed hydra bites you but does no damage.
The four-headed hydra bites you! The four-headed hydra bites you.
You punch the four-headed hydra! You freeze the four-headed hydra.
The four-headed hydra is heavily wounded.
The four-headed hydra bites you!
* * * LOW HITPOINT WARNING * * *
The four-headed hydra barely misses you.
The four-headed hydra bites you!
* * * LOW HITPOINT WARNING * * *
The four-headed hydra bites you.
You die...

### ..# #.# #.# # #.# ..
#.# #.## ..# ....# ###
#####...... #..YD......
######## #.###......
.......#######.########.
......................
######.#######.#######
#.......#.# #######.#.#
. #..#.#.# # #).#.#.#
#.#####


You could see a four-headed hydra.

Vanquished Creatures
  A manticore (D:6)
  A water moccasin (D:5)
  A black bear (D:6)
  2 ice beasts
  A sky beast (D:6)
  2 ogres (D:4)
  2 bullfrogs
  2 jellies
  2 hounds
  3 orc priests
  5 iguanas
  Terence (D:3)
  4 gnolls (D:5)
  8 adders
  2 dart slugs
  21 orcs
  4 endoplasms
  9 giant cockroaches
  7 goblins
  7 hobgoblins
  6 kobolds
  10 quokkas
  12 ball pythons
  4 bats
  9 frilled lizards
  9 rats
135 creatures vanquished.

Notes
Turn   | Place    | Note
-------+----------+-------------------------------------------
     0 | D:1      | buhh the Octopode Transmuter began the quest for the Orb.
     0 | D:1      | Reached XP level 1. HP: 13/13 MP: 3/3
   240 | D:1      | Reached XP level 2. HP: 19/19 MP: 5/5
   342 | D:1      | Found a faded altar of an unknown god.
  1221 | D:2      | Reached XP level 3. HP: 24/25 MP: 4/6
  1534 | D:2      | Found Jobbopoq's Assorted Antiques.
  2132 | D:3      | Found Rietrim's Book Boutique.
  2167 | D:2      | Reached XP level 4. HP: 27/32 MP: 5/7
  3176 | D:3      | Noticed Terence
  3733 | D:3      | Killed Terence
  3924 | D:2      | Reached XP level 5. HP: 15/38 MP: 8/8
  5145 | D:4      | Found a glowing drain.
  5153 | Sewer    | Entered a sewer
  5169 | Sewer    | Reached XP level 6. HP: 45/45 MP: 7/9
  5342 | Sewer    | Learned a level 2 spell: Wereblood
  5346 | Sewer    | Learned a level 3 spell: Spider Form
  5655 | Sewer    | Got Lesudoom's Almanac of Moulding
  6213 | D:4      | Reached XP level 7. HP: 52/52 MP: 6/10
  7015 | D:5      | Entered Level 5 of the Dungeon
  8274 | D:5      | Reached XP level 8. HP: 55/60 MP: 8/11
  9079 | D:6      | Learned a level 4 spell: Ice Form
  9308 | D:6      | Noticed a manticore
  9313 | D:6      | Killed a manticore
  9589 | D:6      | Noticed a four-headed hydra
  9603 | D:6      | Gained mutation: Your magical capacity is low. (-10% MP)
                  | [potion of mutation]
  9603 | D:6      | Gained mutation: You are agile. (Dex +4, Str/Int -1)
                  | [potion of mutation]
  9607 | D:6      | HP: 3/60 [orc priest/divine providence (12)]
 10011 | D:6      | Reached XP level 9. HP: 64/64 MP: 6/10
 10131 | D:6      | Noticed Sigmund
 10225 | D:6      | HP: 3/76 [four-headed hydra (8)]
 10225 | D:6      | Slain by a four-headed hydra

Illustrated notes

Levels and vault maps discovered:
D:1:      eino_arrival_druids_welcome, layout_loops_corners,
          dreamdust_ecumenical_altar_grove
D:2:      layout_rooms, serial_shops, shop, nicolae_figureground_sparkle
D:3:      layout_rooms, serial_shops, shop, minmay_circle_x, uniq_terence
D:4:      layout_gridville, gup_sewer_entry_bubbles
D:5:      layout_basic
D:6:      minmay_cornered_nines, layout_basic, gammafunk_ghost_grave,
          minmay_three_doors, uniq_sigmund

Skill      XL: |  1  2  3  4  5  6  7  8  9 |
---------------+----------------------------+-----
Stealth        | 1 |  1.0
Fighting       | 2 3 4 5 6 7 |  7.0
Transmutations | 3 5 7 |  7.9
Poison Magic   | 1 |  1.0
Ice Magic      | 3 4 |  4.0
Dodging        | |  2.0
Unarmed Combat | |  3.0
Spellcasting   | |  2.0

Action                   |  1- 3 |  4- 6 |  7- 9 || total
-------------------------+-------+-------+-------++-------
Melee: Unarmed           |    69 |   143 |   127 ||   339
       Constrict         |    21 |    43 |     7 ||    71
       Kick              |    19 |    29 |     9 ||    57
       Tentacles         |    11 |    29 |    10 ||    50
       Punch             |     2 |     4 |       ||     6
 Cast: Beastly Appendage |    22 |    37 |    13 ||    72
       Spider Form       |       |     1 |    14 ||    15
       Ice Form          |       |       |     4 ||     4
       Wereblood         |       |       |     1 ||     1
Evoke: Wand              |       |       |     5 ||     5
  Use: Potion            |       |     1 |     9 ||    10
       Scroll            |       |     6 |     6 ||    12
 Stab: Sleeping          |     9 |     6 |     5 ||    20
Armor: Skin              |     1 |     5 |    10 ||    16
Dodge: Dodged            |    37 |    76 |    86 ||   199

Table legend: (Time is in decaauts)
 A = Elapsed time spent in this place.
 B = Non-inter-level travel time spent in this place.
 C = Inter-level travel time spent in this place.
 D = Time resting spent in this place.
 E = Time spent auto-exploring this place.
 F = Levels seen in this place.
 G = Mean time per level.
                   A        B        C        D        E       F      G
               +--------+--------+--------+--------+--------+-----+--------+
         Total |  10197 |   9913 |    284 |   4037 |   4476 |   7 | 1456.7 |
       Dungeon |   9543 |   9259 |    284 |   3708 |   4374 |   6 | 1590.5 |
         Sewer |    653 |    653 |      0 |    329 |    102 |   1 |  653.0 |
               +--------+--------+--------+--------+--------+-----+--------+

Top non-repeatable levels by time:
     D:2: 2492 daAuts
     D:5: 1701 daAuts
     D:6: 1487 daAuts
     D:3: 1393 daAuts
     D:4: 1261 daAuts
     D:1: 1208 daAuts
   Sewer: 653 daAuts
